 Dungeon Crawl Stone Soup version 0.20.0-15-g7f486f2 (webtiles) character file.

795 straycat the Covert (level 7, 0/46 HPs)
             Began as a Vampire Wanderer on June 27, 2017.
             Was a Follower of Hepliaklqana.
             Slain by an orc warrior
             ... wielding a +0 glaive
              (16 damage)
             ... on level 6 of the Dungeon.
             The game lasted 00:20:18 (4791 turns).

straycat the Covert (Vampire Wanderer)              Turns: 4791, Time: 00:20:19

Health: 0/46       AC:  9    Str: 12    XL:     7   Next: 58%
Magic:  7/7        EV: 13    Int: 11    God:    Hepliaklqana [*.....]
Gold:   222        SH:  5    Dex: 18    Spells: 6/6 levels left

rFire    x . .     SeeInvis +   a - +3 dagger
rCold    + + .     Gourm    .   q - +0 buckler
rNeg     . . .     Faith    .   s - +2 ring mail {rC+}
rPois    .         Spirit   .   k - +0 helmet
rElec    .         Reflect  .   (no cloak)
rCorr    .         Harm     .   j - +0 pair of gloves
MR       .....                  (no boots)
Stlth    ++++......             (no amulet)
Regen    0.4/turn               o - ring of wizardry
MPRegen  0.1/turn               G - ring of ice

@: regenerating quickly
A: reduced essence, fangs 3, see invisible, unbreathing
a: Recall Ancestor, Ancestor Identity, Renounce Religion


You were on level 6 of the Dungeon.
You worshipped Hepliaklqana.
Hepliaklqana was aware of your devotion.
You were very full.

You visited 2 branches of the dungeon, and saw 7 of its levels.

You collected 222 gold pieces.

Inventory:

Hand Weapons
 a - a +3 dagger (weapon)
 m - a +2 hand axe of distortion
Missiles
 c - 21 arrows
 g - 181 stones (quivered)
 i - 13 poisoned needles
 n - 31 bolts
 u - 22 sling bullets
Armour
 j - a +0 pair of gloves (worn)
 k - a +0 helmet (worn)
 q - a +0 buckler (worn)
 s - a +2 ring mail of cold resistance (worn)
Jewellery
 o - a ring of wizardry (left hand)
 C - an uncursed ring of stealth
 G - a ring of ice (right hand)
Wands
 B - a wand of iceblast (4/15)
Scrolls
 b - a scroll of blinking
 h - 5 scrolls of teleportation
 r - a scroll of remove curse
 y - a scroll of amnesia
Potions
 d - 2 potions of curing
 e - a potion of ambrosia {unknown}
 f - 9 potions of blood
 v - 2 potions of brilliance
 w - 3 potions of invisibility
 z - a potion of heal wounds {unknown}
 D - 2 potions of lignification {unknown}
 F - a potion of haste {unknown}


   Skills:
 - Level 3.0 Fighting
 - Level 3.2 Short Blades
 - Level 1.0 Throwing
 - Level 5.0 Dodging
 * Level 9.0 Stealth
 - Level 4.0 Shields


You had 6 spell levels left.
You didn't know any spells.

Dungeon Overview and Level Annotations

Branches:
Dungeon (6/15)             Temple (1/1) D:4

Altars:
Dithmenos
Elyvilon
Gozag
Hepliaklqana
Makhleb
Nemelex Xobeh
Okawaru
Ru
Trog
Uskayaw
Vehumet
Zin
The Shining One


Innate Abilities, Weirdness & Mutations

Your natural rate of healing is unusually fast.
You have razor-sharp teeth.
You have supernaturally acute eyesight. (SInv)
You can survive without breathing.
Your life essence is reduced. (-10% HP)


Message History

Okay, then.
Evoke which item? (* to show all) (? for menu, Esc to quit)
Aiming: Iceblast (will waste charges)
Press: ? - help, Shift-Dir - straight line, f - orc warrior
Aim: an orc warrior, wielding a glaive and wearing a chain mail (heavily wounded)
The mass of ice explodes!
The iceblast engulfs the orc warrior.
The orc warrior is severely wounded.
Evoking this partially-identified wand wasted a few charges.
Evoke which item? (* to show all) (? for menu, Esc to quit)
Aiming: Iceblast (will waste charges)
Press: ? - help, Shift-Dir - straight line, f/p - orc warrior
Aim: an orc warrior, wielding a glaive and wearing a chain mail (severely wounded)
The mass of ice explodes!
The iceblast engulfs the orc warrior.
The orc warrior is almost dead.
Evoking this partially-identified wand wasted a few charges.
Seras hits the orc warrior.
The orc warrior hits you from afar with a glaive!!
Ouch! That really hurt!
Seras barely misses the orc warrior.
The orc warrior hits you with a glaive!
You die...

.........## ##..#
........## #..# ..#
######..# ##.## ..##
#..## #..### ...# ##..#
#....### #.... #..#
#......####..##. ##.##
#..###.......# ## #..#
##o## ###....## #..##
##@R# ###..#
##..###..### #..#
##....#.....#######..#
#.......[............#
#...####..............##
...## #..##...........##
...# ##.#
###.........### ... #..
###.........# .. #..#
##.........


You could see the friendly Seras the ancestor and an orc warrior.

Vanquished Creatures
  Grinder (D:4)
  A sky beast (D:6)
  An ogre (D:5)
  A crimson imp (D:5)
  An orc priest (D:6)
  An iguana (D:4)
  3 worker ants
  A gnoll (D:3)
  9 adders
  2 oozes
  An adder skeleton (D:4)
  3 worms
  5 dart slugs
  A leopard gecko (D:3)
  5 orcs
  2 ball pythons
  6 giant cockroaches
  7 goblins
  8 hobgoblins
  9 jackals
  A quokka (D:3)
  7 bats
  4 frilled lizards
  9 kobolds
  9 rats
98 creatures vanquished.

Vanquished Creatures (collateral kills)
  An orc wizard (D:5)
  An adder (D:6)
  A leopard gecko (D:5)
  A bat (D:5)
  A frilled lizard (D:4)
5 creatures vanquished.

Vanquished Creatures (others)
  A worker ant (D:4)
  A giant cockroach (D:5)
2 creatures vanquished.

Grand Total: 105 creatures vanquished

Notes
Turn   | Place    | Note
-------+----------+-------------------------------------------
     0 | D:1      | straycat the Vampire Wanderer began the quest for the Orb.
     0 | D:1      | straycat set off with: a +2 dagger, a scroll of blinking, a +0 short sword, a potion of curing, a +0 robe, a potion of blood
     0 | D:1      | Reached XP level 1. HP: 17/17 MP: 1/1
   159 | D:1      | Reached skill level 1 in Dodging
   159 | D:1      | Reached XP level 2. HP: 24/24 MP: 2/2
   423 | D:1      | Reached XP level 3. HP: 19/29 MP: 3/3
  1002 | D:2      | Found an opulent altar of Gozag.
  1755 | D:3      | Reached XP level 4. HP: 24/35 MP: 4/4
  1836 | D:3      | Found a bloodstained altar of Trog.
  2006 | D:3      | Found a white marble altar of Elyvilon.
  2358 | D:3      | Reached XP level 5. HP: 41/41 MP: 5/5
  2447 | D:3      | Reached skill level 5 in Dodging
  2736 | D:4      | Noticed Grinder
  2743 | D:4      | Paralysed by Grinder for 3 turns
  2812 | D:4      | Killed Grinder
  2812 | D:4      | Reached skill level 6 in Stealth
  2812 | D:4      | Reached XP level 6. HP: 39/47 MP: 6/6
  2917 | D:4      | Found a staircase to the Ecumenical Temple.
  2932 | Temple   | Entered the Ecumenical Temple
  2953 | Temple   | Became a worshipper of Hepliaklqana the Forgotten
  3137 | D:4      | Reached skill level 7 in Stealth
  3467 | D:5      | Entered Level 5 of the Dungeon
  3531 | D:5      | Found a sacrificial altar of Ru.
  3810 | D:5      | Reached XP level 7. HP: 46/46 MP: 7/7
  4011 | D:5      | Reached * piety under Hepliaklqana
  4153 | D:5      | Reached skill level 8 in Stealth
  4590 | D:6      | Found a hide-covered altar of Uskayaw.
  4745 | D:6      | Reached skill level 9 in Stealth
  4791 | D:6      | Slain by an orc warrior

Skill      XL: |  1  2  3  4  5  6  7 |
---------------+----------------------+-----
Fighting       | 3 |  3.0
Dodging        | 1 2 3 4 5 |  5.0
Stealth        | 6 7 9 |  9.0
Shields        | 2 3 4 |  4.0
Short Blades   | |  3.2
Throwing       | |  1.0

Action                   |  1- 3 |  4- 6 |  7- 9 || total
-------------------------+-------+-------+-------++-------
Melee: Dagger            |   131 |    43 |    28 ||   202
       Bite              |    21 |     7 |     4 ||    32
       Hand axe          |       |   106 |    28 ||   134
Throw: Stone             |     1 |       |       ||     1
Invok: Ancestor Identity |       |     1 |       ||     1
Evoke: Wand              |       |       |     3 ||     3
  Use: Potion            |       |    12 |     8 ||    20
       Scroll            |       |       |     9 ||     9
 Stab: Sleeping          |     8 |    10 |     1 ||    19
       Paralysed         |       |     2 |       ||     2
  Eat: Corpse            |       |     1 |       ||     1
Armor: Robe              |    31 |       |       ||    31
       Leather armour    |     7 |    10 |       ||    17
       Ring mail         |       |    31 |    14 ||    45
Dodge: Dodged            |   101 |    90 |    27 ||   218
Block: Buckler           |       |    13 |    14 ||    27
